 Dungeon Crawl Stone Soup version 0.20-a0-9-g62d82d9 (webtiles) character file.

240 Naow the Skirmisher (level 6, 0/49 HPs)
             Began as a Formicid Fighter on Nov 1, 2016.
             Slain by a howler monkey (4 damage)
             ... on level 4 of the Dungeon.
             The game lasted 00:03:58 (2002 turns).

Naow the Skirmisher (Formicid Fighter)              Turns: 2002, Time: 00:03:59

Health: 0/49       AC:  8    Str: 28    XL:     6   Next: 30%
Magic:  6/6        EV:  8    Int:  7    God:
Gold:   159        SH: 10    Dex: 10    Spells: 0 memorised, 5 levels left

rFire  . . .     SeeInvis +     a - +0 war axe
rCold  . . .     Gourm    +     b - +0 scale mail
rNeg   . . .     Faith    .     c - +0 shield
rPois  .         Spirit   .     (helmet unavailable)
rElec  .         Reflect  .     m - +0 cloak
rCorr  .         Harm     .     (no gloves)
MR     .....                    (no boots)
Stlth  ..........               r - amulet of the gourmand
                                (no ring)
                                q - ring of wizardry

@: mighty
A: permanent stasis, dig shafts and tunnels, four strong arms, antennae 3
a: Dig, Shaft Self


You were on level 4 of the Dungeon.
You were completely stuffed.

You visited 1 branch of the dungeon, and saw 4 of its levels.

You collected 159 gold pieces.

Inventory:

Hand Weapons
 a - a +0 war axe (weapon)
Armour
 b - a +0 scale mail (worn)
 c - a +0 shield (worn)
 m - a +0 cloak (worn)
Jewellery
 q - a ring of wizardry (left hand)
 r - an amulet of the gourmand (around neck)
Scrolls
 e - 5 scrolls of identify {unknown}
 h - 3 scrolls of teleportation {unknown}
 k - 2 scrolls of random uselessness {unknown}
 o - a scroll of blinking {unknown}
 s - a scroll of magic mapping {unknown}
 t - a scroll of remove curse {unknown}
Potions
 d - 3 potions of might
 i - a potion of cure mutation {unknown}
 j - a potion of resistance {unknown}
 l - a potion of brilliance {unknown}
 p - a potion of mutation {unknown}
 u - a potion of degeneration {unknown}
Comestibles
 f - 2 bread rations
 g - a meat ration
 n - 2 fruits


   Skills:
 + Level 4.5 Fighting
 * Level 4.0 Axes
 + Level 4.4 Armour
 + Level 4.4 Shields


You had 5 spell levels left.
You didn't know any spells.

Dungeon Overview and Level Annotations

Branches:
Dungeon (4/15)
 Temple: D:4-7

Altars:
Ru

Shops:
D:4 *


Innate Abilities, Weirdness & Mutations

You are under a permanent stasis effect.
You can dig through walls and to a lower floor.
Your four strong arms can wield two-handed weapons with a shield.
You have a pair of large antennae on your head. (SInv)


Message History

The howler monkey hits you.
* * * LOW HITPOINT WARNING * * *
The howler monkey hits you.
* * * LOW HITPOINT WARNING * * *
You are too injured to fight recklessly!
Quiver which item? (- for none, * to show all) (? for menu, Esc to quit)
Okay, then.
Quiver which item? (- for none, * to show all) (? for menu, Esc to quit)
You don't have any such object.
Quiver which item? (- for none, * to show all) (? for menu, Esc to quit)
You can't quiver worn items.
Quiver which item? (- for none, * to show all) (? for menu, Esc to quit)
Okay, then.
You feel very mighty all of a sudden. The howler monkey hits you.
* * * LOW HITPOINT WARNING * * *
You barely miss the howler monkey.
The howler monkey is lightly wounded.
The howler monkey hits you.
You die...

.........#
#..#
######...#
#..# #####
#..# ##
#..# .#
#..# .#
#..# #..#
#.h# #.@#
..?[....#
#######.#
#.# ..#
###


You could see a howler monkey.

Vanquished Creatures
  An ogre (D:4)
  A bullfrog skeleton (D:4)
  Robin (D:2)
  4 adders (D:2)
  An ooze (D:1)
  6 dart slugs
  3 leopard geckos
  An orc (D:4)
  A ball python (D:4)
  6 bats
  2 giant cockroaches
  14 goblins
  3 hobgoblins
  3 jackals
  A kobold (D:1)
  A quokka (D:2)
  3 frilled lizards
  7 rats
59 creatures vanquished.

Notes
Turn   | Place    | Note
-------+----------+-------------------------------------------
     0 | D:1      | Naow the Formicid Fighter began the quest for the Orb.
     0 | D:1      | Reached XP level 1. HP: 18/18 MP: 1/1
   130 | D:1      | Reached XP level 2. HP: 24/24 MP: 2/2
   364 | D:1      | Reached XP level 3. HP: 29/29 MP: 3/3
   841 | D:2      | Noticed Robin
   859 | D:2      | Killed Robin
   859 | D:2      | Reached XP level 4. HP: 22/37 MP: 4/4
  1260 | D:2      | Found a sacrificial altar of Ru.
  1373 | D:2      | Reached XP level 5. HP: 42/42 MP: 5/5
  1801 | D:4      | Found Japtoyv's General Store.
  1909 | D:4      | Noticed an ogre
  1923 | D:4      | Killed an ogre
  1923 | D:4      | Reached XP level 6. HP: 4/49 MP: 6/6
  2002 | D:4      | Slain by a howler monkey

Vault maps used:
D:1:      elethiomel_arrival_quiet, serial_forest, infiniplex_forest_straight_4,
          infiniplex_forest_fountain, infiniplex_forest_straight_2,
          infiniplex_forest_straight_3, infiniplex_forest_lined_2,
          infiniplex_forest_clump_long, infiniplex_forest_zigzag_1,
          lemuel_flame_loot_1
D:2:      nicolae_ru_awakened_eye, uniq_robin
D:3:      kennysheep_big_flooded_room, small_statue_intersection
D:4:      first_bread, serial_shops, shop_coins,
          nemelex_xobeh_ov_fountains_minmay

Skill      XL: |  1  2  3  4  5 |
---------------+----------------+-----
Axes           | 3 4 |  4.0
Shields        | 4 |  4.4
Fighting       | 4 |  4.5
Armour         | 4 |  4.4

Action                   |  1- 3 |  4- 6 || total
-------------------------+-------+-------++-------
Melee: War axe           |    98 |   127 ||   225
  Use: Potion            |       |     1 ||     1
  Eat: Chunk             |       |    22 ||    22
Armor: Scale mail        |    82 |    53 ||   135
Dodge: Dodged            |    41 |    52 ||    93
Block: Shield            |    55 |    81 ||   136
